 Dungeon Crawl Stone Soup version 0.30-a0-23-ge60ba3568b (webtiles) character file.

Game seed: 12106044926348886993

450 SensoryNuts the Chopper (level 6, -2/53 HPs)
             Began as a Minotaur Fighter on Aug 24, 2022.
             Slain by Pikel
             ... wielding a +2 whip of freezing
              (5 damage)
             ... on level 4 of the Dungeon.
             The game lasted 00:03:13 (2926 turns).

SensoryNuts the Chopper (Minotaur Fighter)          Turns: 2926, Time: 00:03:14

Health: -2/53      AC: 12    Str: 21    XL:     6   Next: 74%
Magic:  5/5        EV:  5    Int:  5    God:
Gold:   292        SH:  8    Dex: 11    Spells: 5/5 levels left

rFire   . . .      SeeInvis .    a - +0 war axe
rCold   . . .      Faith    .    n - +0 kite shield
rNeg    . . .      Spirit   .    o - +0 plate armour
rPois   .          Reflect  .    (helmet restricted)
rElec   .          Harm     .    (no cloak)
rCorr   .          Rampage  .    (no gloves)
Will    .....                    (no boots)
Stlth   ..........               (no amulet)
HPRegen 0.17/turn                (no ring)
MPRegen 0.09/turn                (no ring)

@: no status effects
A: horns 2, retaliatory headbutt
a: no special abilities


You were on level 4 of the Dungeon.
You visited 1 branch of the dungeon, and saw 4 of its levels.

You collected 292 gold pieces.

Inventory:

Hand Weapons
 a - a +0 war axe (weapon)
Missiles
 f - 2 throwing nets (quivered)
Armour
 b - a +0 scale mail
 n - a +0 kite shield (worn)
 o - a +0 plate armour (worn)
Scrolls
 c - 3 scrolls of identify
 d - a scroll of noise {unknown}
 e - a scroll of blinking
 j - a scroll of fear {unknown}
 l - 3 scrolls of teleportation
 m - a scroll of amnesia
 p - a scroll of poison {unknown}
 q - a scroll of immolation {unknown}
Potions
 h - 2 potions of invisibility
 i - a potion of lignification


   Skills:
 + Level 4.6 Fighting
 * Level 7.0 Axes
 + Level 5.0 Armour
 + Level 1.0 Dodging
 + Level 0.1 Stealth
 + Level 4.2 Shields


You had 5 spell levels left.
You didn't know any spells.
Your spell library contained the following spells:

 Spells                   Type           Power      Damage    Failure   Level
 Ensorcelled Hibernation  Hex/Ice        0%         N/A       100%        2
 Passwall                 Tmut/Erth      0%         N/A       100%        2
 Confusing Touch          Hex            0%         N/A       100%        3
 Swiftness                Air            0%         N/A       100%        3
 Yara's Violent Unravell  Hex/Tmut       0%         3d3       100%        5
 Enfeeble                 Hex            0%         N/A       100%        7


Dungeon Overview and Level Annotations

Branches:
Dungeon (4/15)
 Temple: D:4-7

Altars:
Uskayaw

Annotations:
D:4 Pikel


Innate Abilities, Weirdness & Mutations

You have a pair of horns on your head.
You reflexively headbutt those who attack you in melee.


Message History

You closely miss the lemure. You block Pikel's attack. The lemure hits you.
* * * LOW HITPOINT WARNING * * *
The lemure hits you but does no damage. You block the lemure's attack.
Unknown command.
You slash Pikel!
Pikel is heavily wounded.
You hit the lemure. You slash the lemure! You closely miss the lemure.
You block Pikel's attack. The lemure barely misses you.
The lemure hits you but does no damage. The lemure barely misses you.
You furiously retaliate!
You headbutt the lemure, but do no damage.
It was a potion of invisibility.
You fade into invisibility!
You block Pikel's attack. The lemure hits you but does no damage.
The lemure hits you.
* * * LOW HITPOINT WARNING * * *
The lemure hits you but does no damage.
Unknown command.
It was a potion of cancellation.
Your magical effects are unravelling.
You feel magically purged.
You flicker back into view.
Pikel barely misses you. You furiously retaliate!
You headbutt Pikel, but do no damage.
The lemure hits you but does no damage. x2
You block the lemure's attack.
You closely miss Pikel. You headbutt Pikel.
Pikel is heavily wounded.
You barely miss the lemure. You hit the lemure. You closely miss the lemure.
You block Pikel's attack. The lemure hits you but does no damage.
The lemure hits you.
* * * LOW HITPOINT WARNING * * *
You block the lemure's attack.
You barely miss Pikel. Your headbutt misses Pikel.
Pikel is heavily wounded.
You closely miss the lemure. You slash the lemure!
You kill the lemure!
That felt strangely unrewarding.
You hit the lemure. Pikel waves his whip at you.
Pikel hits you with a +2 whip of freezing.
You die...

#....'.....#
#....#.....#
#....#.....#
#....#.....#
#...##...[.#
#...#......# ###
+...#....†.# "..#
#...#....5†#....+
+.....@.....#
#..♣.5K♣....#
.............#
...♣...>...♣..#
..............#
...#.♣...♣......
..#.........[..
#....##+####


You could see Pikel and 2 lemures.

Vanquished Creatures
  Sigmund (D:2)
  A phantom (D:4)
  2 lemures (D:4)
  A howler monkey (D:4)
  A jelly (D:4)
  An orc priest (D:4)
  Robin (D:2)
  An adder (D:3)
  A dart slug (D:4)
  A worm (D:2)
  7 orcs
  4 ball pythons
  8 endoplasms
  4 giant cockroaches (D:2)
  15 goblins
  8 hobgoblins
  3 jackals (D:3)
  6 kobolds
  3 quokkas
  4 bats
  3 frilled lizards
  7 rats
  A spectral hobgoblin (D:2)
84 creatures vanquished.

Notes
Turn   | Place    | Note
-------+----------+-------------------------------------------
     0 | D:1      | SensoryNuts the Minotaur Fighter began the quest for the
                  | Orb.
     0 | D:1      | Reached XP level 1. HP: 19/19 MP: 0/0
   456 | D:1      | You fall into a shaft and drop 1 floor!
   477 | D:2      | Reached XP level 2. HP: 27/27 MP: 1/1
   932 | D:2      | Reached skill level 3 in Axes
   932 | D:2      | Reached XP level 3. HP: 31/33 MP: 2/2
   934 | D:2      | Noticed Robin
   952 | D:2      | Killed Robin
  1490 | D:2      | Found a faded altar of an unknown god.
  1497 | D:2      | Noticed Sigmund
  1513 | D:2      | Killed Sigmund
  1514 | D:2      | Reached skill level 5 in Axes
  1514 | D:2      | Reached XP level 4. HP: 39/41 MP: 3/3
  1514 | D:2      | Reached XP level 5. HP: 45/47 MP: 4/4
  2537 | D:4      | Found a hide-covered altar of Uskayaw.
  2616 | D:4      | Noticed a phantom
  2626 | D:4      | Killed a phantom
  2627 | D:4      | Reached skill level 6 in Axes
  2627 | D:4      | Reached XP level 6. HP: 53/53 MP: 5/5
  2680 | D:4      | Reached skill level 5 in Armour
  2680 | D:4      | Reached skill level 1 in Dodging
  2885 | D:4      | Reached skill level 7 in Axes
  2906 | D:4      | Noticed Pikel
  2926 | D:4      | Slain by Pikel

Illustrated notes

Levels and vault maps discovered:
D:1:      minmay_arrival_shoal_huts, layout_loops_ring
D:2:      layout_basic, dreamdust_ecumenical_altar_drowned_temple,
          hangedman_feature_mirror, minmay_goblin_kobold_house, uniq_robin,
          uniq_sigmund
D:3:      layout_loops_ring, ebering_dispersal_statue_hall
D:4:      layout_gridville, amcnicky_altar_gilded, grunt_ministairs_2,
          uniq_pikel

Skill      XL: |  1  2  3  4  5  6 |
---------------+-------------------+-----
Fighting       | 4 |  4.6
Shields        | 4 |  4.2
Axes           | 3 5 6 7 |  7.0
Armour         | 4 5 |  5.0
Dodging        | 1 |  1.0
Stealth        | |  0.1

Action                   |  1- 3 |  4- 6 || total
-------------------------+-------+-------++-------
Melee: War axe           |    81 |    71 ||   152
       Headbutt          |     7 |    12 ||    19
  Use: Potion            |     2 |     5 ||     7
       Scroll            |       |     6 ||     6
Armor: Scale mail        |    29 |    12 ||    41
       Plate armour      |       |    42 ||    42
Dodge: Dodged            |    33 |    31 ||    64
Block: Buckler           |     3 |       ||     3
       Kite shield       |    18 |    38 ||    56

Table legend: (Time is in decaauts)
 A = Elapsed time spent in this place.
 B = Non-inter-level travel time spent in this place.
 C = Inter-level travel time spent in this place.
 D = Time resting spent in this place.
 E = Time spent auto-exploring this place.
 F = Levels seen in this place.
 G = Mean time per level.
                   A        B        C        D        E       F      G
               +--------+--------+--------+--------+--------+-----+--------+
         Total |   3003 |   2776 |    227 |      0 |   2214 |   4 |  750.8 |
       Dungeon |   3003 |   2776 |    227 |      0 |   2214 |   4 |  750.8 |
               +--------+--------+--------+--------+--------+-----+--------+

Top non-repeatable levels by time:
     D:2: 1049 daAuts
     D:3: 821 daAuts
     D:1: 729 daAuts
     D:4: 403 daAuts
